 Dungeon Crawl Stone Soup version 0.28-a0-556-gab23d0e057 (webtiles) character file.

Game seed: 11061313319099845776

26 flyleaff the Magician (level 3, -2/28 HPs)
             Began as a Djinni Ice Elementalist on Sept 29, 2021.
             Slain by a kobold (4 damage)
             ... on level 1 of the Dungeon.
             The game lasted 00:02:56 (1174 turns).

flyleaff the Magician (Djinni Ice Elementalist)     Turns: 1174, Time: 00:02:57

Health: -2/28      AC:  2    Str:  7    XL:     3   Next: 22%
Gold:   23         EV: 12    Int: 17    God:
                   SH:  0    Dex:  9

rFire   + + .      SeeInvis .   c - +0 spear
rCold   x . .      Faith    .   (no shield)
rNeg    . . .      Spirit   .   a - +0 robe
rPois   ∞          Reflect  .   (no helmet)
rElec   +          Harm     .   (no cloak)
rCorr   +          Rampage  .   (no gloves)
Will    .....                   (boots unavailable)
Stlth   ++........              (no amulet)
HPRegen 0.09/turn               f - ring of resist corrosion
MPRegen 0.00/turn               (no ring)

@: attractive, flying, hasted, very quick
A: sickness immunity, fire resistance 2, cold vulnerability 1, float, innate
caster, hp casting, extra vitality 1, clumsy 2, electricity resistance
a: no special abilities


You were on level 1 of the Dungeon.
You visited 1 branch of the dungeon, and saw 2 of its levels.

You collected 23 gold pieces.

Inventory:

Hand Weapons
 c - a +0 spear (weapon)
Armour
 a - a +0 robe (worn)
Jewellery
 f - a ring of resist corrosion (left hand)
Scrolls
 b - a scroll of vulnerability {unknown}
 d - 2 scrolls of identify {unknown}
 e - a scroll of enchant weapon {unknown}
 i - a scroll of immolation {unknown}
Potions
 h - a potion of mutation


   Skills:
 * Level 1.8 Fighting
 - Level 2.1 Dodging
 - Level 1.6 Stealth
 + Level 3.5 Spellcasting


You couldn't memorise any spells.
You knew the following spells:

 Your Spells              Type           Power      Damage    Failure   Level
a - Freeze                Ice            60%        1d8       3%          1
b - Frozen Ramparts       Ice            30%        1d5       12%         3
c - Ozocubu's Armour      Ice            15%        N/A       12%         3
d - Hailstorm             Conj/Ice       15%        3d5       36%         4
e - Beastly Appendage     Tmut           30%        N/A       3%          1
Your spell library was empty.

Dungeon Overview and Level Annotations

Branches:
Dungeon (2/15)

Altars:

Shops:
D:1 [


Innate Abilities, Weirdness & Mutations

You are immune to sickness and miasma.
You are immune to poison.
Your flesh is very heat resistant. (rF++)
You are vulnerable to cold. (rC-)
You float through the air rather than walking.
You learn spells naturally, not from books.
Your magical power is your life essence.
You have superior vitality. (+4 HP)
You are very clumsy. (Dex -4)
You are resistant to electric shocks. (rElec)


Message History

You fly downwards.
The ball python completely misses you. The ball python grabs you.
The ball python constricts you. The ball python barely misses you.
The ball python constricts you. The worm bites you!
There is a stone staircase leading up here.
Casting: Freeze (safe; 3% risk of failure)
Confirm with . or Enter, or press ? or * to list all spells.
The spell is quite dangerous to cast (12% risk of failure)!
Continue anyway?
Casting: Frozen Ramparts (quite dangerous; 12% risk of failure)
Press: ? - help, Dir - look around, f - activate A stone staircase leading up.
You miscast Frozen Ramparts.
You are very lightly contaminated with residual magic.
Nothing appears to happen.
The ball python misses you. The ball python constricts you.
The kobold hits you with a +2 whip of electrocution.
The worm bites you.
You escape the ball python's grasp.
The kobold closely misses you. The ball python barely misses you.
The ball python grabs you.
You stop ascending the stairs.
The ball python constricts you.
Unknown command.
You can't go down here!
You escape the ball python's grasp.
The kobold hits you with a +2 whip of electrocution.
The worm bites you.
* * * LOW HITPOINT WARNING * * *
The ball python closely misses you. The ball python misses you.
You fly upwards.
There is a stone staircase leading down here.
Your magical contamination has completely faded away.
It was a potion of attraction.
You feel attractive to monsters.
The kobold hits you with a +2 whip of electrocution.
* * * LOW HITPOINT WARNING * * *
It was a potion of mutation.
You feel extremely strange.
You feel clumsy. x2; You feel insulated.
The kobold hits you but does no damage. The worm is attracted toward you.
It was a potion of haste.
You feel yourself speed up.
The kobold hits you with a +2 whip of electrocution.
You die...

.)..# ###.# # #.#
########### # #.#
#.........# # #.#
#.#######.#
###.#######.##### #.#
................# #.#
........#.###.#.###.#
###.##....# #...@...#
# #.##..#.###.#K###.#
# #........[..#S#
#.######
###..#..##..###w#
#......#
.....#.)##....§.#
#.####.#
............w#### #.#
#.# ######..##.#.#
#.# #.#
........#..>†# #.#
#.# #######......##
#.# #.#


You could see a worm, a ball python and a kobold.

Vanquished Creatures
  An adder (D:1)
  A dart slug (D:1)
  2 endoplasms (D:1)
  2 goblins (D:1)
  A hobgoblin (D:1)
  4 jackals (D:1)
  A bat (D:1)
  3 rats (D:1)
15 creatures vanquished.

Notes
Turn   | Place    | Note
-------+----------+-------------------------------------------
     0 | D:1      | flyleaff the Djinni Ice Elementalist began the quest for
                  | the Orb.
     0 | D:1      | Reached XP level 1. HP: 15/15 MP: 0/0
   229 | D:1      | Reached XP level 2. HP: 16/22 MP: 0/0
   234 | D:1      | Reached skill level 1 in Fighting
   404 | D:1      | Found Lifaf's Antique Armour Shoppe.
  1105 | D:1      | Reached XP level 3. HP: 23/28 MP: 0/0
  1105 | D:1      | Learned a level 1 spell: Beastly Appendage
  1173 | D:1      | Gained mutation: You are clumsy. (Dex -2) [potion of
                  | mutation]
  1173 | D:1      | Gained mutation: You are very clumsy. (Dex -4) [potion of
                  | mutation]
  1173 | D:1      | Gained mutation: You are resistant to electric shocks.
                  | (rElec) [potion of mutation]
  1174 | D:1      | Slain by a kobold

Illustrated notes

Levels and vault maps discovered:
D:1:      lemuel_arrival_rhombus, layout_loops_ring, serial_shops,
          nicolae_shop_crystal, minmay_ruptured
D:2:      layout_loops_ring, basic_altar, roderic_roman_lattice, uniq_robin,
          uniq_jessica, uniq_crazy_yiuf_cottage, uniq_natasha

Skill      XL: |  1  2 |
---------------+-------+-----
Fighting       | 1 |  1.8
Dodging        | |  2.1
Stealth        | |  1.6
Spellcasting   | |  3.5

Action                   || total
-------------------------++-------
Melee: Spear             ||    41
 Cast: Freeze            ||     9
  Use: Potion            ||     3
 Stab: Sleeping          ||     5
Armor: Robe              ||    12
Dodge: Dodged            ||    26

Table legend: (Time is in decaauts)
 A = Elapsed time spent in this place.
 B = Non-inter-level travel time spent in this place.
 C = Inter-level travel time spent in this place.
 D = Time resting spent in this place.
 E = Time spent auto-exploring this place.
 F = Levels seen in this place.
 G = Mean time per level.
                   A        B        C        D        E       F      G
               +--------+--------+--------+--------+--------+-----+--------+
         Total |   1178 |   1154 |     24 |     53 |    949 |   2 |  589.0 |
       Dungeon |   1178 |   1154 |     24 |     53 |    949 |   2 |  589.0 |
               +--------+--------+--------+--------+--------+-----+--------+

Top non-repeatable levels by time:
     D:1: 1160 daAuts
     D:2: 18 daAuts
